 Dungeon Crawl Stone Soup version 0.28-a0-850-g09de17f5b5 (webtiles) character file.

Game seed: 2047585824044689132

6265 wakim the Grappler (level 10, -1/90 HPs)
             Began as a Ghoul Monk on Nov 13, 2021.
             Was a Priest of Makhleb.
             Slain by a six-headed hydra (6 damage)
             ... on level 1 of the Lair of Beasts.
             The game lasted 00:27:54 (10100 turns).

wakim the Grappler (Ghoul Monk)                    Turns: 10100, Time: 00:27:55

Health: -1/90      AC: 13    Str: 19    XL:     10   Next: 93%
Magic:  14/14      EV: 12    Int:  5    God:    Makhleb [***...]
Gold:   485        SH:  4    Dex: 11    Spells: 9/9 levels left

rFire   . . .      SeeInvis .     - Unarmed
rCold   + . .      Faith    +   y - +0 buckler
rNeg    + + +      Spirit   .   u - +2 ring mail {Will+}
rPois   ∞          Reflect  .   c - +0 helmet
rElec   .          Harm     .   q - +0 cloak
rCorr   .          Rampage  .   (no gloves)
Will    +....                   e - +2 pair of boots
Stlth   ++........              j - amulet of faith
HPRegen 0.00/turn               f - ring of wizardry
MPRegen 0.14/turn               (no ring)

@: inhibited regen, studying Hexes
A: claws 1, cold resistance 1, negative energy resistance 3, inhibited
regeneration, torment resistance 2
a: Renounce Religion, Minor Destruction, Lesser Servant of Makhleb


You were on level 1 of the Lair of Beasts.
You worshipped Makhleb.
Makhleb was most pleased with you.
You visited 3 branches of the dungeon, and saw 12 of its levels.

You collected 485 gold pieces.

Inventory:

Hand Weapons
 b - a +3 spear
Missiles
 k - 4 boomerangs
 r - 6 javelins
Armour
 c - a +0 helmet (worn)
 e - a +2 pair of boots (worn)
 q - a +0 cloak (worn)
 u - a +2 ring mail of willpower (worn)
 y - a +0 buckler (worn)
Jewellery
 f - a ring of wizardry (left claw)
 h - a ring of fire
 i - an amulet of guardian spirit
 j - an amulet of faith (around neck)
Wands
 x - a wand of iceblast (12)
Scrolls
 a - a scroll of enchant armour
 l - 2 scrolls of magic mapping {unknown}
 n - a scroll of blinking {unknown}
 p - 2 scrolls of immolation {unknown}
 s - 4 scrolls of noise {unknown}
 t - a scroll of fog {unknown}
 v - 2 scrolls of vulnerability {unknown}
 w - a scroll of enchant weapon {unknown}
 z - a scroll of summoning {unknown}
 B - 2 scrolls of silence {unknown}
 E - 4 scrolls of amnesia {unknown}
 T - 3 scrolls of teleportation
Potions
 d - 3 potions of might {unknown}
 g - 3 potions of mutation {unknown}
 m - 3 potions of lignification {unknown}
 o - a potion of haste {unknown}
 A - a potion of ambrosia
 C - a potion of degeneration {unknown}
 D - 2 potions of brilliance
 F - a potion of curing
 O - 2 potions of resistance


   Skills:
 + Level 8.6 Fighting
 + Level 3.5 Armour
 + Level 4.6 Dodging
 - Level 4.0 Stealth
 - Level 4.0 Shields
 * Level 11.8 Unarmed Combat
 + Level 6.7 Invocations


You had 9 spell levels left.
You didn't know any spells.
Your spell library contained the following spells:

 Spells                   Type           Power      Damage    Failure   Level
 Foxfire                  Conj/Fire      0%         2x1d4     32%         1
 Ensorcelled Hibernation  Hex/Ice        0%         N/A       45%         2
 Conjure Flame            Conj/Fire      0%         6-21      69%         3
 Inner Flame              Hex/Fire       0%         N/A       69%         3
 Flame Wave               Conj/Fire      0%         3d3       96%         4
 Spider Form              Tmut/Pois      Unusable   N/A       N/A         3

Dungeon Overview and Level Annotations

Branches:
Dungeon (10/15)            Temple (1/1) D:5            Lair (1/6) D:8
    Orc: D:9-12

Altars:
Ashenzari
Fedhas
Gozag
Hepliaklqana
Makhleb
Nemelex Xobeh
Okawaru
Ru
Trog
Uskayaw
Wu Jian
Yredelemnul

Annotations:
D:8 2 transporters, Megustar's ghost, novice DEFE
D:10 exclusion: two-headed ogre


Innate Abilities, Weirdness & Mutations

You thrive by killing the living.
You are immune to poison.
You have sharp fingernails.
Your flesh is cold resistant. (rC+)
You are immune to negative energy. (rN+++)
You do not regenerate when monsters are visible.
You are immune to unholy pain and torment.


Message History

The six-headed hydra roars!
The glob of acid hits the six-headed hydra!
The six-headed hydra is moderately wounded.
The zap hits the six-headed hydra.
The six-headed hydra is moderately wounded.
The puff of flame hits the six-headed hydra.
The six-headed hydra is moderately wounded.
The zap hits the six-headed hydra.
The six-headed hydra is moderately wounded.
The six-headed hydra bites you!
The six-headed hydra bites you but does no damage. x3
The six-headed hydra bites you!
The six-headed hydra closely misses you.
You don't know any spells.
The puff of flame hits the six-headed hydra.
The six-headed hydra is moderately wounded.
You block the six-headed hydra's attack.
The six-headed hydra bites you.
The six-headed hydra bites you but does no damage.
The six-headed hydra bites you. x2
You block the six-headed hydra's attack.
A demon appears!
The six-headed hydra bites you. The six-headed hydra bites you!
* * * LOW HITPOINT WARNING * * *
The six-headed hydra bites you.
* * * LOW HITPOINT WARNING * * *
The six-headed hydra bites you.
* * * LOW HITPOINT WARNING * * *
The six-headed hydra misses you.
The six-headed hydra completely misses you.
A demon appears!
The six-headed hydra bites you!
* * * LOW HITPOINT WARNING * * *
The six-headed hydra bites you.
* * * LOW HITPOINT WARNING * * *
The six-headed hydra bites you!
* * * LOW HITPOINT WARNING * * *
The six-headed hydra barely misses you.
The six-headed hydra bites you but does no damage.
The six-headed hydra bites you.
You die...

#P..##..................#.......
#..##...##.....#.......#....#..
##...†...##.....#.>.....#....#..
#...####.##.....#............# .
#....###.P#.............#....#
##..............#.###+.##....#
#...............3...........#
#.............................
##.............@D...........(...
#...............................
##...........4..................
##...............####.#.#....#
#....####.#.#....# ....#.....
##...#......#....#......#....#
#P...#..................# ..
##..........#....#.. ...#
#...#......#....#


You could see a six-headed hydra (ally target), a friendly orange demon
(summoned) and a friendly neqoxec (summoned).

Vanquished Creatures
  A two-headed ogre (D:10)
  Nergalle (D:10)
  A cyclops (D:7)
  A black mamba (Lair:1)
  A troll (D:9)
  A polar bear (Lair:1)
  A hornet (D:7)
  A wyvern (D:8)
  A shadow (D:9)
  3 yaks (D:9)
  3 water moccasins
  Duvessa (D:5)
  2 orc warriors
  A sky beast (D:6)
  A black bear (D:6)
  An ogre (D:6)
  A necrophage (D:7)
  A centaur (D:6)
  A kobold brigand (D:8)
  2 gnoll sergeants
  5 bullfrogs
  Blork the orc (D:4)
  Dowan (D:5)
  2 scorpions
  A water moccasin skeleton (D:5)
  2 centaur zombies
  5 hounds
  A gnoll shaman (D:7)
  A jelly (D:8)
  2 orc priests
  2 bullfrog skeletons
  Crazy Yiuf (D:5)
  7 orc wizards
  A hound skeleton (D:4)
  Robin (D:3)
  6 gnolls
  6 adders
  2 white imps
  An ufetubus (D:5)
  4 worms
  26 orcs
  8 bats
  7 endoplasms
  A giant cockroach (D:4)
  8 hobgoblins
  5 quokkas
  9 ball pythons
  4 frilled lizards
  12 goblins
  8 kobolds
  8 rats
174 creatures vanquished.

Vanquished Creatures (collateral kills)
  Joseph (D:8)
  3 gnolls (D:8)
4 creatures vanquished.

Vanquished Creatures (others)
  2 fungi (D:5)
2 creatures vanquished.

Grand Total: 180 creatures vanquished

Notes
Turn   | Place    | Note
-------+----------+-------------------------------------------
     0 | D:1      | wakim the Ghoul Monk began the quest for the Orb.
     0 | D:1      | Reached XP level 1. HP: 19/19 MP: 0/0
   250 | D:1      | Reached XP level 2. HP: 25/26 MP: 1/1
   707 | D:2      | Reached skill level 4 in Unarmed Combat
   707 | D:2      | Reached XP level 3. HP: 31/31 MP: 2/2
  1283 | D:2      | Found an iron altar of Okawaru.
  1507 | D:2      | Reached XP level 4. HP: 35/40 MP: 3/3
  1763 | D:3      | Noticed Robin
  1805 | D:3      | Killed Robin
  2167 | D:3      | Reached skill level 5 in Unarmed Combat
  2167 | D:3      | Reached XP level 5. HP: 34/46 MP: 4/4
  2675 | D:3      | Found a faded altar of an unknown god.
  3122 | D:4      | Reached XP level 6. HP: 47/53 MP: 5/5
  3302 | D:4      | Found a broken altar of Ashenzari.
  3340 | D:4      | Identified the +1 leather armour of Fezasch {Regen+ Str-3
                  | Int+3 Stlth+}
  3443 | D:4      | Noticed Blork the orc
  3466 | D:4      | Killed Blork the orc
  3467 | D:4      | Reached skill level 6 in Unarmed Combat
  3607 | D:4      | Found a blossoming altar of Fedhas.
  3742 | D:4      | Reached skill level 5 in Fighting
  3959 | D:5      | Entered Level 5 of the Dungeon
  4037 | D:5      | Found a staircase to the Ecumenical Temple.
  4037 | D:5      | Noticed Duvessa
  4038 | D:5      | Noticed Dowan
  4043 | Temple   | Entered the Ecumenical Temple
  4063 | Temple   | Became a worshipper of Makhleb the Destroyer
  4063 | Temple   | Reached * piety under Makhleb
  4063 | Temple   | Reached ** piety under Makhleb
  4335 | D:5      | Killed Duvessa
  4336 | D:5      | Reached skill level 1 in Invocations
  4336 | D:5      | Reached XP level 7. HP: 38/61 MP: 4/6
  4337 | D:5      | Killed Dowan
  4338 | D:5      | Reached skill level 7 in Unarmed Combat
  4697 | D:5      | Reached XP level 8. HP: 61/70 MP: 5/8
  5027 | D:5      | Found a runed translucent door.
  5028 | D:5      | Noticed Crazy Yiuf
  5037 | D:5      | Killed Crazy Yiuf
  5187 | D:6      | Reached skill level 8 in Unarmed Combat
  5687 | D:6      | Reached skill level 9 in Unarmed Combat
  5767 | D:7      | Noticed a cyclops
  5787 | D:7      | Killed a cyclops
  5788 | D:7      | Reached XP level 9. HP: 57/79 MP: 5/11
  6003 | D:7      | Reached skill level 10 in Unarmed Combat
  6003 | D:7      | Reached skill level 5 in Invocations
  6116 | D:7      | Noticed a hornet
  6119 | D:7      | Killed a hornet
  6123 | D:7      | Reached skill level 1 in Armour
  6207 | D:7      | You fall into a shaft and drop 1 floor!
  6296 | D:8      | Reached *** piety under Makhleb
  6308 | D:8      | Noticed Joseph
  6817 | D:8      | Found a staircase to the Lair.
  6901 | D:8      | Found a transporter.
  7427 | D:8      | Found a transporter.
  7433 | D:8      | Noticed Megustar's ghost (novice DEFE)
  7783 | D:8      | Killed Joseph
  7784 | D:8      | Reached skill level 1 in Shields
  7784 | D:8      | Reached XP level 10. HP: 63/88 MP: 13/13
  8254 | D:9      | Reached skill level 11 in Unarmed Combat
  8855 | D:10     | Entered Level 10 of the Dungeon
  8925 | D:10     | Noticed a two-headed ogre
  8975 | D:10     | Killed a two-headed ogre
  8990 | D:10     | Noticed Nergalle
  9001 | D:10     | Killed Nergalle
  9457 | D:10     | Noticed a death knight
  9458 | D:10     | Noticed a phantasmal warrior
  9458 | D:10     | Noticed a skeletal warrior
  9495 | D:9      | HP: 1/90 [phantasmal warrior[a death knight] (32)]
  9888 | Lair:1   | Entered Level 1 of the Lair of Beasts
  9940 | Lair:1   | Noticed a black mamba
  9952 | Lair:1   | Killed a black mamba
 10085 | Lair:1   | Noticed a six-headed hydra
 10100 | Lair:1   | Slain by a six-headed hydra

Illustrated notes

Levels and vault maps discovered:
D:1:      beargit_arrival_greenhouse, layout_basic, minmay_crystal_room,
          chequers_serial_rivers_micro_e
D:2:      layout_basic, basic_altar
D:3:      layout_basic, basic_ecumenical_altar, uniq_robin
D:4:      layout_cave_pools, mainiacjoe_overflow_large_starburst, minmay_puff,
          uniq_blork_the_orc
D:5:      layout_loops_ring, temple_statues, uniq_duvessa,
          uniq_crazy_yiuf_cottage
D:6:      layout_cave_pools, grunt_decor_mini_mirrors
D:7:      layout_rooms, st_stairs_4, minmay_misc_feat_hallway,
          minmay_manual_moon
D:8:      layout_loops_ring, dpeg_oklobed_lair, gammafunk_ghost_stat_death,
          chequers_serial_rivers_room_a, uniq_joseph
D:9:      layout_roguey
D:10:     layout_long_grid, erik_orc_1, minivault_13, uniq_harold,
          uniq_nergalle, uniq_gastronok
Temple:   regret_index_temple_chain_breaker
Lair:1:   layout_regular_city

Skill      XL: |  1  2  3  4  5  6  7  8  9 10 |
---------------+-------------------------------+-----
Unarmed Combat | 4 5 6 7 9 10 11 | 11.8
Stealth        | 3 4 |  4.0
Fighting       | 4 5 7 8 |  8.6
Invocations    | 1 2 4 5 6 |  6.7
Armour         | 2 3 |  3.5
Dodging        | 3 4 |  4.6
Shields        | 1 4 |  4.0

Action                   |  1- 3 |  4- 6 |  7- 9 | 10-12 || total
-------------------------+-------+-------+-------+-------++-------
Melee: Unarmed           |    98 |   212 |   141 |   103 ||   554
       Punch             |       |     6 |     8 |       ||    14
Throw: Boomerang         |       |     4 |       |       ||     4
Invok: Minor Destruction |       |       |    98 |    41 ||   139
       Lesser Servant of |       |       |     3 |     3 ||     6
  Use: Scroll            |       |     5 |       |     2 ||     7
       Potion            |       |       |       |     1 ||     1
 Stab: Sleeping          |     2 |     2 |       |       ||     4
       Distracted        |       |       |     2 |     1 ||     3
Armor: Robe              |    19 |    12 |       |       ||    31
       Chain mail        |       |    98 |       |       ||    98
       Scale mail        |       |       |    11 |       ||    11
       Ring mail         |       |       |    60 |    42 ||   102
Dodge: Dodged            |    45 |    68 |    78 |    64 ||   255
Block: Buckler           |       |       |       |    30 ||    30

Table legend: (Time is in decaauts)
 A = Elapsed time spent in this place.
 B = Non-inter-level travel time spent in this place.
 C = Inter-level travel time spent in this place.
 D = Time resting spent in this place.
 E = Time spent auto-exploring this place.
 F = Levels seen in this place.
 G = Mean time per level.
                   A        B        C        D        E       F      G
               +--------+--------+--------+--------+--------+-----+--------+
         Total |  10042 |   9462 |    580 |    609 |   6919 |  12 |  836.8 |
       Dungeon |   9774 |   9216 |    558 |    609 |   6744 |  10 |  977.4 |
        Temple |     60 |     39 |     21 |      0 |     27 |   1 |   60.0 |
          Lair |    207 |    207 |      0 |      0 |    148 |   1 |  207.0 |
               +--------+--------+--------+--------+--------+-----+--------+

Top non-repeatable levels by time:
     D:9: 1529 daAuts
     D:8: 1486 daAuts
     D:3: 1387 daAuts
     D:2: 1088 daAuts
     D:5: 1049 daAuts
     D:4: 915 daAuts
     D:6: 730 daAuts
     D:7: 585 daAuts
     D:1: 578 daAuts
    D:10: 422 daAuts
  Lair:1: 207 daAuts
  Temple: 60 daAuts
